 Dungeon Crawl Stone Soup version 0.24.0-124-g2791043dd8 (webtiles) character file.

Game seed: 1472216306924339127, levelgen mode: deterministic

30127 Johnny the Thaumaturge (level 13, 0/88 HPs)
             Began as a Deep Elf Earth Elementalist on Feb 16, 2020.
             Was a High Priest of Dithmenos.
             Slain by a spiny frog (21 damage)
             ... on level 3 of the Lair of Beasts.
             The game lasted 00:27:45 (19998 turns).

Johnny the Thaumaturge (DEEE)                      Turns: 19998, Time: 00:27:45

Health: 0/88       AC:  8    Str:  5    XL:     13   Next: 18%
Magic:  31/33      EV: 13    Int: 29    God:    Dithmenos [*****.]
Gold:   895        SH:  0    Dex: 15    Spells: 18/40 levels left

rFire    . . .     SeeInvis +   J - +1 rapier of Qiho {flame, Fragile +Inv rPois SInv}
rCold    . . .     Gourm    .   (no shield)
rNeg     . . .     Faith    .   l - +2 robe {Archmagi}
rPois    +         Spirit   .   o - +1 helmet {Int+3}
rElec    .         Reflect  .   F - +0 cloak
rCorr    .         Harm     .   w - +0 pair of gloves
MR       ++...                  (no boots)
Stlth    +++.......             K - amulet of regeneration
HPRegen  0.64/turn              G - ring of protection from magic
MPRegen  0.23/turn              (no ring)

@: wreathed by umbra
A: no striking features
a: Shadow Step, Shadow Form, Renounce Religion, Evoke Invisibility


You were on level 3 of the Lair of Beasts.
You worshipped Dithmenos.
Dithmenos was extremely pleased with you.
You were near starving.

You visited 4 branches of the dungeon, and saw 17 of its levels.
You also visited: Sewer and Bailey.

You collected 895 gold pieces.

Inventory:

Hand Weapons
 j - a +0 dagger of electrocution
 t - a +7 dagger of venom
 J - the +1 rapier of Qiho (weapon) {flame, Fragile +Inv rPois SInv}
   (You found it on level 11 of the Dungeon)

   It has been specially enchanted to burn those struck by it, causing extra
   injury to most foes and up to half again as much damage against particularly
   susceptible opponents.
   It protects you from poison.
   It lets you see invisible.
   It lets you turn invisible.
   It will be destroyed if unequipped.
Missiles
 q - 220 stones (quivered)
Armour
 l - a +2 robe of the Archmagi (worn)
 o - a +1 helmet of intelligence (worn)
 w - a +0 pair of gloves (worn)
 F - a +0 cloak (worn)
Jewellery
 G - a ring of protection from magic (left hand)
 K - an amulet of regeneration (around neck)
Wands
 c - a wand of paralysis (22)
 m - a wand of acid (16)
 s - a wand of iceblast (10)
 v - a wand of random effects (13)
 D - a wand of flame (10)
 O - a wand of disintegration (17)
 S - a wand of polymorph (4)
Scrolls
 b - 5 scrolls of magic mapping
 e - 7 scrolls of teleportation
 f - 2 scrolls of fear
 g - 4 scrolls of blinking
 i - 8 scrolls of remove curse
 p - 4 scrolls of immolation {unknown}
 r - a scroll of random uselessness {unknown}
 u - 5 scrolls of noise {unknown}
 y - a scroll of torment {unknown}
 C - a scroll of fog {unknown}
 Q - a scroll of amnesia
Potions
 a - 3 potions of brilliance {unknown}
 h - 8 potions of curing
 k - 3 potions of cancellation {unknown}
 n - 2 potions of haste
 x - 2 potions of flight {unknown}
 z - 6 potions of heal wounds {unknown}
 A - a potion of mutation {unknown}
 B - a potion of ambrosia {unknown}
 E - 2 potions of magic {unknown}
 H - 2 potions of might {unknown}
 I - a potion of agility {unknown}
 L - a potion of experience {unknown}
 N - a potion of berserk rage {unknown}
 P - a potion of invisibility {unknown}
Miscellaneous
 M - a sack of spiders
Comestibles
 d - 26 rations


   Skills:
 * Level 13.2 Fighting
 - Level 2.4 Dodging
 - Level 2.4 Stealth
 + Level 14.4 Spellcasting
 - Level 1.1 Transmutations
 + Level 12.6 Earth Magic


You had 18 spell levels left.
You knew the following spells:

 Your Spells              Type           Power        Failure   Level  Hunger
a - Sandblast             Erth           ######       0%          1    None
b - Stone Arrow           Conj/Erth      ######       1%          3    None
c - Lee's Rapid Deconstr  Erth           #######...   1%          5    None
d - Petrify               Tmut/Erth      ######..     1%          4    None
e - Mephitic Cloud        Conj/Pois/Air  ####....     7%          3    None
f - Iron Shot             Conj/Erth      ######....   26%         6    ####...

Your spell library contained the following spells:

 Spells                   Type           Power        Failure   Level  Hunger
 Passwall                 Tmut/Erth      ######..     1%          2    None
 Leda's Liquefaction      Hex/Erth       ######....   1%          4    None
 Animate Skeleton         Necr           N/A          2%          1    None
 Apportation              Tloc           ####..       2%          1    None
 Confusing Touch          Hex            ####..       2%          1    None
 Magic Dart               Conj           ####         2%          1    None
 Pain                     Necr           ####         2%          1    None
 Sting                    Conj/Pois      ####         2%          1    None
 Summon Small Mammal      Summ           ####         2%          1    None
 Poisonous Vapours        Pois/Air       ####..       3%          2    None
 Searing Ray              Conj           ####..       3%          2    None
 Dazzling Spray           Conj/Hex       ####..       7%          3    None
 Regeneration             Chrm/Necr      ####......   7%          3    None
 Vampiric Draining        Necr           ####......   7%          3    None
 Bolt of Magma            Conj/Fire/Erth ######....   12%         5    None
 Statue Form              Tmut/Erth      ######...    22%         6    ####...
 Animate Dead             Necr           N/A          24%         4    None
 Force Lance              Conj/Tloc      ####....     24%         4    None
 Fulminant Prism          Conj/Hex       ####......   24%         4    None
 Iskenderun's Mystic Bla  Conj           ####....     24%         4    None
 Olgreb's Toxic Radiance  Pois           ####....     24%         4    None
 Venom Bolt               Conj/Pois      ####......   54%         5    None
 Shatter                  Erth           #######...   100%        9    #######


Dungeon Overview and Level Annotations

Branches:
Dungeon (12/15)            Temple (1/1) D:7            Lair (3/6) D:8
 Spider (0/4) Lair:2          Orc (1/2) D:11          Sewer (visited)
 Bailey (visited)
  Swamp: Lair:2-4    Shoals: Lair:2-4

Altars:
Ashenzari
Cheibriados
Dithmenos
Elyvilon
Fedhas
Gozag
Hepliaklqana
Kikubaaqudgha
Makhleb
Nemelex Xobeh
Okawaru
Qazlal
Ru
Sif Muna
Trog
Uskayaw
Vehumet
Wu Jian
Xom
Yredelemnul
Zin
The Shining One

Annotations:
Orc:1 Maurice


Message History

Press: ? - help, Shift-Dir - straight line, f/p - spiny frog
Aim: a spiny frog (moderately wounded, umbra)
You feel a surge of power!
The blast of sand hits the spiny frog.
The spiny frog is moderately wounded.
q - 220 stones Your shadow mimicks your spell!
The shadow shard hits the spiny frog!
The bullfrog closely misses you.
The spiny frog stings you but does no damage.
The bullfrog closely misses you. The spiny frog stings you!
The ice dragon breathes frost at you. The blast of cold hits you!!!
* * * LOW HITPOINT WARNING * * *
You emit a cloud of dark smoke.
Unknown command.
As you read the scroll of fear, it crumbles to dust.
You assume a fearsome visage.
The spiny frog resists with some effort.
The spiny frog stings you!!
You die...

### ##########
####.#####..# #.
#.#####÷## #.
#....##..###. ≈
####.##.###.. ≈≈#####
##.##.# ##. ≈≈≈≈...####
#..##.# #P.
≈≈≈....?.§##
######.###.###..
≈≈≈......§§#####......#
#..###.
≈≈≈≈....F§§§§F@..######
#..###.
≈≈≈≈..D...§§§#####
#...... ..≈≈≈......###
#...... ...≈≈≈....##
##.#### ..≈≈≈≈..### ###
##≈≈≈#### ####


You could see a spiny frog.

Vanquished Creatures
  An orc warlord (Bailey)
  5 hydras
  Harold (D:7)
  A centaur warrior (D:10)
  A two-headed ogre (D:11)
  Pikel (D:4)
  2 ugly things (D:11)
  Joseph (D:7)
  3 torpor snails (Lair:1)
  4 spiny frogs
  A gargoyle (D:10)
  A kobold demonologist (D:12)
  3 trolls (D:10)
  15 blink frogs
  2 hippogriffs
  32 yaks
  2 vampires (D:9)
  A redback (Lair:2)
  A hungry ghost (D:10)
  Menkaure (D:7)
  2 wargs (D:11)
  9 water moccasins
  9 orc warriors
  5 porcupines
  A slave (D:4)
  6 sky beasts
  2 black bears
  4 ice beasts
  A phantom (D:8)
  7 ogres
  5 necrophages
  9 centaurs
  5 big kobolds
  9 crocodiles
  A wyvern zombie (D:7)
  12 bullfrogs
  A wyvern skeleton (D:10)
  A scorpion (D:4)
  12 wights
  11 killer bees
  5 howler monkeys (D:9)
  An electric eel (D:7)
  2 crimson imps
  A centaur zombie (D:7)
  A quasit (D:9)
  2 bullfrog zombies
  A jelly (D:11)
  6 hounds
  A bullfrog skeleton (D:10)
  A centaur skeleton (D:11)
  13 orc priests
  Crazy Yiuf (D:7)
  10 orc wizards
  Jessica (D:2)
  Terence (D:3)
  2 iguanas
  Natasha (thrice) (D:3)
  6 hell rats (Lair:1)
  5 worker ants
  2 hound skeletons
  A mummy (D:7)
  2 worker ant zombies (D:7)
  Robin (D:2)
  5 gnolls
  13 adders
  16 river rats
  2 oozes
  An adder skeleton (D:9)
  An adder zombie (D:7)
  5 worms
  3 dart slugs
  6 leopard geckos
  59 orcs
  A ball python (D:1)
  8 giant cockroaches
  17 hobgoblins
  22 jackals
  9 quokkas
  7 bats
  5 frilled lizards
  2 giant cockroach zombies (D:6)
  27 goblins
  58 kobolds
  A quokka skeleton (D:4)
  A quokka zombie (D:7)
  16 rats
  A fungus (Lair:1)
546 creatures vanquished.

Vanquished Creatures (others)
  6 fungi
  2 plants (D:4)
8 creatures vanquished.

Grand Total: 554 creatures vanquished

Notes
Turn   | Place    | Note
-------+----------+-------------------------------------------
     0 | D:1      | Johnny the Deep Elf Earth Elementalist began the quest for
                  | the Orb.
     0 | D:1      | Reached XP level 1. HP: 10/10 MP: 6/6
    62 | D:1      | Reached XP level 2. HP: 9/16 MP: 0/8
   402 | D:1      | Reached skill level 1 in Fighting
   670 | D:1      | Reached XP level 3. HP: 12/20 MP: 10/10
   675 | D:1      | Learned a level 3 spell: Stone Arrow
  1523 | D:2      | Noticed Jessica
  1526 | D:2      | Killed Jessica
  1526 | D:2      | Reached XP level 4. HP: 24/26 MP: 7/11
  1637 | D:2      | Reached skill level 4 in Spellcasting
  2074 | D:2      | Noticed Robin
  2272 | D:2      | Killed Robin
  2272 | D:2      | Reached XP level 5. HP: 31/31 MP: 3/13
  2688 | D:3      | You fall into a shaft and drop 1 floor!
  2729 | D:4      | Noticed Pikel
  2729 | D:4      | Noticed a slave
  2729 | D:4      | Noticed a slave
  2729 | D:4      | Noticed a slave
  2729 | D:4      | Noticed a slave
  2739 | D:4      | Killed a slave
  2744 | D:4      | Killed Pikel
  2744 | D:4      | Reached skill level 5 in Spellcasting
  2744 | D:4      | Reached skill level 5 in Earth Magic
  2744 | D:4      | Reached XP level 6. HP: 27/39 MP: 3/16
  2744 | D:4      | Reached XP level 7. HP: 30/44 MP: 3/17
  3010 | D:3      | Noticed Natasha
  3019 | D:3      | Killed Natasha
  3028 | D:3      | Reached skill level 6 in Spellcasting
  3085 | D:3      | Found an iron altar of Okawaru.
  3086 | D:3      | Noticed Terence
  3104 | D:3      | Killed Terence
  3370 | D:3      | Noticed Natasha
  3378 | D:3      | Killed Natasha
  3380 | D:3      | Noticed Natasha
  3385 | D:3      | Killed Natasha
  3477 | D:3      | Learned a level 5 spell: Lee's Rapid Deconstruction
  3482 | D:3      | Learned a level 4 spell: Petrify
  3690 | D:4      | Reached skill level 5 in Fighting
  4253 | D:4      | Found a snail-covered altar of Cheibriados.
  4684 | D:5      | Entered Level 5 of the Dungeon
  4855 | D:5      | Reached XP level 8. HP: 41/49 MP: 20/20
  4977 | D:5      | Found an opulent altar of Gozag.
  5285 | D:6      | Noticed an eight-headed hydra
  5515 | D:6      | Reached skill level 7 in Spellcasting
  5541 | D:6      | Found an iron altar of Okawaru.
  5605 | D:6      | Got a twisted leather armour
  5655 | D:6      | Found a glowing drain.
  5669 | Sewer    | Entered a sewer
  5757 | Sewer    | Found a white marble altar of Elyvilon.
  5926 | D:6      | Killed an eight-headed hydra
  5926 | D:6      | Reached skill level 8 in Spellcasting
  5926 | D:6      | Reached XP level 9. HP: 57/57 MP: 7/23
  6660 | D:6      | Reached skill level 9 in Spellcasting
  6805 | D:6      | Found a glowing silver altar of Zin.
  7032 | D:7      | Noticed Joseph
  7045 | D:7      | Killed Joseph
  7402 | D:7      | Reached XP level 10. HP: 52/65 MP: 11/25
  7679 | D:7      | Found a staircase to the Ecumenical Temple.
  7687 | D:7      | Reached skill level 10 in Spellcasting
  7693 | D:7      | Noticed Harold
  7703 | D:7      | Noticed Menkaure
  7709 | Temple   | Entered the Ecumenical Temple
  8059 | D:7      | Killed Menkaure
  8352 | D:7      | Killed Harold
  8510 | D:7      | Identified the +3 leather armour "Duph" {+Blink rC+ SInv}
                  | (You found it on level 6 of the Dungeon)
  8799 | D:7      | Found a runed translucent door.
  8800 | D:7      | Noticed Crazy Yiuf
  8806 | D:7      | Killed Crazy Yiuf
  9581 | D:8      | Found an opulent altar of Gozag.
  9692 | D:8      | Reached skill level 11 in Spellcasting
  9927 | D:8      | Found a staircase to the Lair.
 10367 | D:9      | Reached skill level 10 in Fighting
 10376 | D:9      | Reached XP level 11. HP: 41/72 MP: 7/28
 10586 | D:9      | Reached skill level 10 in Earth Magic
 11298 | D:9      | Found a sparkling altar of Nemelex Xobeh.
 11299 | D:9      | Found a hazy altar of Hepliaklqana.
 11299 | D:9      | Found a radiant altar of Vehumet.
 11299 | D:9      | Found a blossoming altar of Fedhas.
 11299 | D:9      | Found a white marble altar of Elyvilon.
 11301 | D:9      | Found a bloodstained altar of Trog.
 11304 | D:9      | Found a shadowy altar of Dithmenos.
 11473 | D:9      | Became a worshipper of Dithmenos the Shadowed
 11713 | D:10     | Entered Level 10 of the Dungeon
 11791 | D:10     | Found a shadowy altar of Dithmenos.
 11983 | D:10     | Noticed a centaur warrior
 11987 | D:10     | Killed a centaur warrior
 11987 | D:10     | Reached skill level 12 in Spellcasting
 12082 | D:10     | Found a flagged portal.
 12089 | Bailey   | Entered a bailey
 12129 | Bailey   | Noticed an orc warlord
 12155 | Bailey   | Reached * piety under Dithmenos
 12268 | Bailey   | Found a runed translucent gate.
 12268 | Bailey   | Found a runed translucent gate.
 12383 | Bailey   | Found a runed translucent gate.
 12568 | Bailey   | Killed an orc warlord
 13559 | D:11     | Noticed a white ugly thing
 13563 | D:11     | Killed a white ugly thing
 13802 | D:11     | Reached ** piety under Dithmenos
 13858 | D:11     | Noticed a cyan ugly thing
 13886 | D:11     | Killed a cyan ugly thing
 14482 | D:11     | Reached XP level 12. HP: 39/80 MP: 24/30
 14718 | D:11     | Noticed a seven-headed hydra
 14722 | D:11     | Killed a seven-headed hydra
 15054 | D:11     | Found a staircase to the Orcish Mines.
 15211 | Orc:1    | Entered Level 1 of the Orcish Mines
 15211 | Orc:1    | Noticed Maurice
 15390 | D:12     | Reached skill level 13 in Spellcasting
 15532 | D:12     | Found a bloodstained altar of Trog.
 15532 | D:12     | Noticed a two-headed ogre
 15540 | D:11     | Killed a two-headed ogre
 15629 | D:11     | Got a dazzling rapier
 15630 | D:11     | Identified the +1 rapier of Qiho {flame, Fragile +Inv rPois
                  | SInv} (You found it on level 11 of the Dungeon)
 15715 | Lair:1   | Entered Level 1 of the Lair of Beasts
 15809 | Lair:1   | Learned a level 3 spell: Mephitic Cloud
 15910 | Lair:1   | Reached *** piety under Dithmenos
 16745 | Lair:1   | Noticed a four-headed hydra
 16748 | Lair:1   | Killed a four-headed hydra
 16766 | Lair:1   | Found a snail-covered altar of Cheibriados.
 17159 | Lair:1   | Reached **** piety under Dithmenos
 17901 | Lair:2   | Found a hole to the Spider Nest.
 18188 | Lair:2   | Reached skill level 14 in Spellcasting
 18687 | Lair:2   | Noticed a six-headed hydra
 18693 | Lair:2   | Killed a six-headed hydra
 18693 | Lair:2   | Reached XP level 13. HP: 42/87 MP: 16/33
 19066 | Lair:3   | Identified a scroll of acquirement
 19078 | Lair:3   | Learned a level 6 spell: Iron Shot
 19099 | Lair:3   | Reached ***** piety under Dithmenos
 19998 | Lair:3   | Slain by a spiny frog

Levels and vault maps discovered:
D:1:      minmay_arrival_wavy_path, layout_rooms, hangedman_feature_mirror,
          st_stairs_8, minmay_pentomino_p4
D:2:      layout_basic, st_stairs_4, uniq_jessica, uniq_robin
D:3:      layout_rooms, okawaru_gym_becter, uniq_natasha, uniq_terence
D:4:      kennysheep_kobold_camp, layout_basic, kennysheep_mini_moat, uniq_pikel
D:5:      layout_gridville, lemuel_coloured_pillars_altar, serial_bayou,
          serial_bayou_pond_d, serial_bayou_shore_b, serial_bayou_ford_a,
          serial_bayou_pond_d, first_ration
D:6:      layout_loops_ring, nicolae_overflow_crystal_walls,
          cheibrodos_sewer_entry_bend, basic_altar
D:7:      layout_basic, minmay_temple_entry_trees, serial_undead,
          serial_undead_f, serial_undead_f, serial_undead_b, serial_undead_f,
          serial_undead_e, grunt_ogre_cave, uniq_crazy_yiuf_cottage,
          uniq_joseph, uniq_harold, uniq_menkaure
D:8:      layout_gridville, grunt_lair_entry_orc_guard_hut,
          minmay_misc_feat_square, nicolae_gozag_seed_capital
D:9:      layout_basic, minitemple, minmay_splitting_lines
D:10:     layout_loops_corners, enter_bailey_3, nicolae_dithmenos_shadow_blocks
D:11:     layout_loops_ring, erik_orc_3, serial_park_tiny_pond
D:12:     layout_rooms, bloody_trog
Temple:   hc_temple_tempest_star
Lair:1:   lemuel_ratsnest, layout_hall_layers, minivault_27, st_stairs_6,
          kennysheep_snail_temple
Lair:2:   cheibrodos_lair_river_kwai, layout_small_grid, spider_nest_entry_a,
          infiniplex_staircase_pool_2
Lair:3:   dragon1_lemuel, layout_long_grid
Orc:1:    layout_caves, nicolae_orc_rockfall, uniq_maurice

Skill      XL: |  1  2  3  4  5  6  7  8  9 10 11 12 13 |
---------------+----------------------------------------+-----
Fighting       | 1 2 4 5 7 8 10 11 12 13 | 13.2
Spellcasting   | 4 5 6 8 9 11 12 14 | 14.4
Earth Magic    | 4 5 6 7 8 9 11 12 | 12.6
Dodging        | |  2.4
Stealth        | |  2.4
Transmutations | |  1.1

Action                   |  1- 3 |  4- 6 |  7- 9 | 10-12 | 13-15 || total
-------------------------+-------+-------+-------+-------+-------++-------
Melee: Unarmed           |    80 |    26 |       |       |       ||   106
       Dagger            |       |       |   136 |   257 |       ||   393
       Whip              |       |       |    14 |       |       ||    14
       Rapier            |       |       |       |    80 |     5 ||    85
Throw: Stone             |       |       |       |     2 |       ||     2
 Cast: Sandblast         |    34 |    61 |    80 |   274 |    40 ||   489
       Stone Arrow       |     8 |    11 |    33 |    48 |       ||   100
       Lee's Rapid Decon |       |       |    14 |   103 |     6 ||   123
       Petrify           |       |       |     3 |    14 |       ||    17
       Mephitic Cloud    |       |       |       |     2 |       ||     2
Evoke: Wand              |       |       |       |     5 |       ||     5
  Use: Scroll            |       |       |    10 |     8 |     3 ||    21
 Stab: Sleeping          |     2 |     1 |     3 |     9 |       ||    15
       Distracted        |       |       |     1 |       |       ||     1
       Petrified         |       |       |     1 |    11 |       ||    12
       Petrifying        |       |       |     1 |       |       ||     1
  Eat: Chunk             |     2 |     5 |    10 |    27 |       ||    44
       Ration            |       |       |     2 |     4 |     1 ||     7
Armor: Robe              |    30 |    16 |    61 |   142 |     7 ||   256
Dodge: Dodged            |    87 |    42 |   128 |   388 |    18 ||   663
